 Dungeon Crawl Stone Soup version 0.27.1 (webtiles) character file.

Game seed: 5580603545857381438

13 mainiacjoe the Shield-Bearer (level 2, -1/24 HPs)
             Began as a Formicid Fighter on Aug 23, 2021.
             Slain by an adder (2 damage)
             ... on level 2 of the Dungeon.
             The game lasted 00:01:53 (699 turns).

mainiacjoe the Shield-Bearer (Formicid Fighter)      Turns: 699, Time: 00:01:54

Health: -1/24      AC:  6    Str: 20    XL:     2   Next: 50%
Magic:  2/2        EV:  8    Int:  7    God:
Gold:   75         SH:  9    Dex: 10    Spells: 1/1 levels left

rFire    . . .     SeeInvis +   a - +0 war axe
rCold    . . .     Faith    .   c - +0 kite shield
rNeg     . . .     Spirit   .   b - +0 scale mail
rPois    .         Reflect  .   (helmet unavailable)
rElec    .         Harm     .   (no cloak)
rCorr    .         Rampage  .   (no gloves)
Will     .....                  (no boots)
Stlth    ..........             (no amulet)
HPRegen  0.08/turn              (no ring)
MPRegen  0.08/turn              (no ring)

@: lethally poisoned (-1 -> -6)
A: permanent stasis, dig shafts and tunnels, antennae 3, four strong arms
a: Dig, Shaft Self


You were on level 2 of the Dungeon.
You visited 1 branch of the dungeon, and saw 2 of its levels.

You collected 75 gold pieces.

Inventory:

Hand Weapons
 a - a +0 war axe (weapon)
Missiles
 f - 18 stones
 j - 7 atropa-tipped darts {=F}
Armour
 b - a +0 scale mail (worn)
 c - a +0 kite shield (worn)
Scrolls
 h - a scroll of noise {unknown}
 i - a scroll of teleportation {unknown}
Potions
 d - a potion of might
 e - a potion of haste {unknown}
 g - 2 potions of curing {unknown}
 k - a potion of heal wounds {unknown}


   Skills:
 + Level 3.5 Fighting
 * Level 2.5 Axes
 - Level 3.2 Armour
 + Level 3.8 Shields


You had one spell level left.
You didn't know any spells.
Your spell library was empty.

Dungeon Overview and Level Annotations

Branches:
Dungeon (2/15)

Altars:


Innate Abilities, Weirdness & Mutations

You cannot be hasted, slowed, berserked, paralysed or teleported.
You can dig through walls and to a lower floor.
You have a pair of large antennae on your head. (SInv)
Your four strong arms can wield two-handed weapons with a shield.


Message History

You sense a monster nearby.
You now have 75 gold pieces (gained 17).
An adder comes into view.
The adder hisses angrily.
You barely miss the adder. The adder bites you.
The adder bites you but does no damage.
You closely miss the adder. The adder bites you but does no damage.
You block the adder's attack.
You barely miss the adder. The adder bites you but does no damage.
You block the adder's attack.
Your shield prevents you from hitting the adder.
The adder bites you.
You are poisoned.
The adder poisons you! You block the adder's attack.
You miss the adder.
You feel very sick. The adder bites you but does no damage.
You block the adder's attack.
You are too injured to fight recklessly!
You are too injured to fight recklessly!
You hit the adder.
The adder is moderately wounded.
You feel sick. The adder bites you but does no damage. The adder bites you.
You barely miss the adder.
The adder is moderately wounded.
You feel sick.
The adder bites you but does no damage. x2
You hit the adder but do no damage.
The adder is moderately wounded.
You feel sick.
You are no longer poisoned.
You block the adder's attack. The adder bites you.
* * * LOW HITPOINT WARNING * * *
You are lethally poisoned!
The adder poisons you!
You closely miss the adder.
The adder is moderately wounded.
* * * LOW HITPOINT WARNING * * *
You feel sick. The adder bites you.
* * * LOW HITPOINT WARNING * * *
The adder bites you.
You die...

#..## #...# #....
##.... { .#..# ...
#S# #@# #.# . #.# #
#. ##.###.#
#.########......#
#.≈..≈≈≈...≈≈...#
#..≈≈≈.≈≈≈≈≈≈≈≈≈≈≈≈
#≈≈≈≈≈≈≈≈≈≈≈≈≈.≈≈≈≈
#≈≈≈≈≈≈≈≈.≈≈≈.≈≈≈≈≈


You could see an adder.

Vanquished Creatures
  3 bats (D:1)
  A giant cockroach (D:1)
  5 hobgoblins (D:1)
  A quokka (D:1)
  A kobold (D:1)
11 creatures vanquished.

Notes
Turn   | Place    | Note
-------+----------+-------------------------------------------
     0 | D:1      | mainiacjoe the Formicid Fighter began the quest for the
                  | Orb.
     0 | D:1      | Reached XP level 1. HP: 18/18 MP: 1/1
    48 | D:1      | Noticed an eye of devastation
    50 | D:1      | Found a faded altar of an unknown god.
    51 | D:1      | Noticed a golden eye
    51 | D:1      | Noticed a golden eye
    51 | D:1      | Noticed a floating eye
   301 | D:1      | Reached XP level 2. HP: 24/24 MP: 2/2
   699 | D:2      | HP: 1/24 [adder (3)]
   699 | D:2      | Slain by an adder

Illustrated notes

Levels and vault maps discovered:
D:1:      nzn_arrival_depleted_hourglass, layout_basic,
          hellmonk_ecumenical_altar_watching_god
D:2:      layout_loops_ring, serial_rivers, chequers_serial_rivers_micro_a,
          chequers_serial_rivers_large_b, chequers_serial_rivers_micro_a,
          chequers_serial_rivers_room_b, chequers_serial_rivers_micro_e,
          chequers_serial_rivers_large_a, kennysheep_generic_room_13

Action                   || total
-------------------------++-------
Melee: War axe           ||    50
Armor: Scale mail        ||    34
Dodge: Dodged            ||    21
Block: Kite shield       ||    29
